 Dungeon Crawl Stone Soup version 0.29.1-15-g9cfb28693d (webtiles) character file.

Game seed: 14331907791867641766

45 jtron the Sneak (level 3, 0/27 HPs)
             Began as a Demonspawn Brigand on Mar 25, 2023.
             Slain by Terence
             ... wielding a +1 falchion of protection
              (1 damage)
             ... on level 2 of the Dungeon.
             The game lasted 00:02:54 (1304 turns).

jtron the Sneak (Demonspawn Brigand)                Turns: 1304, Time: 00:02:55

Health: 0/27       AC:  5    Str:  8 (11) XL:     3   Next: 42%
Magic:  3/3        EV: 12    Int: 11 (12) God:
Gold:   68         SH:  0    Dex: 14 (16) Spells: 2/2 levels left

rFire   . . .      SeeInvis .   a - +2 dagger
rCold   . . .      Faith    .   (no shield)
rNeg    . . .      Spirit   .   b - +0 robe
rPois   .          Reflect  .   (no helmet)
rElec   .          Harm     .   c - +0 cloak
rCorr   +          Rampage  .   (no gloves)
Will    .....                   (no boots)
Stlth   +++.......              (no amulet)
HPRegen 0.09/turn               j - ring of resist corrosion
MPRegen 0.08/turn               (no ring)

@: no status effects
A: hooves 1, thin metallic scales 1
a: no special abilities


You were on level 2 of the Dungeon.
You visited 1 branch of the dungeon, and saw 2 of its levels.

You collected 68 gold pieces.

Inventory:

Hand Weapons
 a - a +2 dagger (weapon)
Missiles
 d - 25 poisoned darts
 e - 3 curare-tipped darts
 f - 12 stones
 h - a boomerang (quivered)
Armour
 b - a +0 robe (worn)
 c - a +0 cloak (worn)
Jewellery
 j - a ring of resist corrosion (left hand)
 m - the amulet "Ruyq" {Faith rPois}
   (You acquired it on level 2 of the Dungeon)

   [amulet of faith]

   It allows you to gain divine favour quickly.
   rPois:     It protects you from poison.
Scrolls
 g - 2 scrolls of identify {unknown}
 i - a scroll of amnesia {unknown}
 k - a scroll of acquirement
 l - a scroll of enchant armour {unknown}
 n - 2 scrolls of teleportation {unknown}


   Skills:
 + Level 2.1 Fighting
 + Level 2.1 Short Blades
 + Level 1.9 Throwing
 + Level 1.4 Dodging
 + Level 4.4 Stealth


You had 2 spell levels left.
You didn't know any spells.
Your spell library was empty.

Dungeon Overview and Level Annotations

Branches:
Dungeon (2/15)

Altars:
Kikubaaqudgha

Annotations:
D:2 Terence


Innate Abilities, Weirdness & Mutations

You have large cloven feet.
You are partially covered in thin metallic scales. (AC +2)


Message History

You hit the bat.
You kill the bat!
You hit Terence. You kick Terence, but do no damage.
Terence is lightly wounded.
Terence barely misses you.
You hit Terence but do no damage. You kick Terence, but do no damage.
Terence is lightly wounded.
You closely miss Terence. You kick Terence, but do no damage.
Terence is lightly wounded.
Terence hits you with a +1 falchion of protection.
You closely miss Terence.
Terence is lightly wounded.
Terence hits you with a +1 falchion of protection.
You hit Terence but do no damage. You kick Terence, but do no damage.
Terence is lightly wounded.
Terence barely misses you.
You hit Terence but do no damage. Your kick misses Terence.
Terence is lightly wounded.
Terence hits you with a +1 falchion of protection.
You hit Terence but do no damage. You kick Terence, but do no damage.
Terence is lightly wounded.
Terence closely misses you.
You barely miss Terence.
Terence is lightly wounded.
Terence hits you with a +1 falchion of protection.
* * * LOW HITPOINT WARNING * * *
It was a potion of degeneration.
There was something very wrong with that liquid.
You feel weakened.
You feel dopey.
You feel clumsy.
Terence hits you with a +1 falchion of protection.
* * * LOW HITPOINT WARNING * * *
This is a scroll of acquirement!
Something appears at your feet! Terence closely misses you.
m - the amulet "Ruyq" {Faith rPois} Terence hits you with a +1 falchion of protection.
* * * LOW HITPOINT WARNING * * *
You hit Terence but do no damage. You punch Terence, but do no damage.
Terence is lightly wounded.
Terence hits you with a +1 falchion of protection.
You die...

#.......##.# #
#..#.##)##.# #
#..#.##.##.####
#
#....##.......#
.
#..####.##.##.#
# #.. ...##.# .
######.# #.#
#@# #@#
........#
.........
[........#
..........
.......####
....... .......


You could see Terence.

Vanquished Creatures
  6 dart slugs
  3 ball pythons
  4 endoplasms
  A giant cockroach (D:2)
  3 goblins
  A hobgoblin (D:1)
  3 jackals (D:1)
  5 kobolds
  3 bats
  2 frilled lizards
  3 rats (D:1)
34 creatures vanquished.

Notes
Turn   | Place    | Note
-------+----------+-------------------------------------------
     0 | D:1      | jtron the Demonspawn Brigand began the quest for the Orb.
     0 | D:1      | Reached XP level 1. HP: 16/16 MP: 1/1
   133 | D:1      | Reached skill level 4 in Stealth
   150 | D:1      | Gained mutation: You are partially covered in thin metallic
                  | scales. (AC +2) [demonic ancestry]
   150 | D:1      | Reached XP level 2. HP: 10/22 MP: 2/2
   387 | D:1      | Reached skill level 1 in Dodging
   520 | D:1      | Found a faded altar of an unknown god.
   685 | D:1      | Gained mutation: You have large cloven feet. [demonic
                  | ancestry]
   685 | D:1      | Reached XP level 3. HP: 27/27 MP: 3/3
  1079 | D:2      | Found an ancient bone altar of Kikubaaqudgha.
  1276 | D:2      | Noticed Terence
  1302 | D:2      | Identified 2 scrolls of acquirement
  1302 | D:2      | Acquired the amulet "Ruyq" {Faith rPois}
  1303 | D:2      | HP: 1/27 [Terence/+1 falchion of protection (3)]
  1304 | D:2      | Slain by Terence

Illustrated notes

Levels and vault maps discovered:
D:1:      ebering_trefoil_3fold, layout_loops_cross,
          hellmonk_ecumenical_altar_defaced_shrine, st_stairs_6,
          hangedman_decor_clover_reticule
D:2:      layout_loops_ring, basic_altar, uniq_sigmund, uniq_terence

Skill      XL: |  1  2 |
---------------+-------+-----
Stealth        | 4 |  4.4
Dodging        | 1 |  1.4
Short Blades   | 2 |  2.1
Fighting       | |  2.1
Throwing       | |  1.9

Action                   || total
-------------------------++-------
Melee: Dagger            ||    94
       Punch             ||     2
       Kick              ||    12
Throw: Boomerang         ||     8
  Use: Potion            ||     2
       Scroll            ||     1
 Stab: Sleeping          ||     7
Armor: Robe              ||    25
Dodge: Dodged            ||    57
